 Dungeon Crawl Stone Soup version 0.27-a0-1202-ge72e49191c (webtiles) character file.

Game seed: 17222916385545666996

60 Morbidden the Gusty (level 3, 0/26 HPs)
             Began as a Demonspawn Air Elementalist on June 4, 2021.
             Slain by an adder (4 damage)
             ... on level 3 of the Dungeon.
             The game lasted 00:02:41 (2912 turns).

Morbidden the Gusty (Demonspawn Air Elementalist)   Turns: 2912, Time: 00:02:42

Health: 0/26       AC:  2    Str:  8    XL:     3   Next: 82%
Magic:  0/7        EV: 12    Int: 17    God:
Gold:   141        SH:  0    Dex: 13    Spells: 4/7 levels left

rFire    . . .     SeeInvis .   a - staff of conjuration
rCold    . . .     Faith    .   (no shield)
rNeg     . . .     Spirit   .   k - +0 robe
rPois    .         Reflect  .   (no helmet)
rElec    .         Harm     .   (no cloak)
rCorr    .         Rampage  .   (no gloves)
Will     .....                  (no boots)
Stlth    ++........             (no amulet)
HPRegen  0.08/turn              m - ring of wizardry
MPRegen  0.10/turn              (no ring)

@: mighty, lethally poisoned (0 -> -4)
A: powered by pain 1
a: no special abilities


You were on level 3 of the Dungeon.
You visited 1 branch of the dungeon, and saw 3 of its levels.

You collected 141 gold pieces.

Inventory:

Hand Weapons
 b - a +0 short sword
Missiles
 d - 6 boomerangs
Armour
 k - a +0 robe (worn)
Magical Staves
 a - a staff of conjuration (weapon)
Jewellery
 m - a ring of wizardry (left hand)
Wands
 n - a wand of digging (6)
Scrolls
 e - 4 scrolls of identify
 g - 2 scrolls of amnesia {unknown}
 i - a scroll of fear {unknown}
Potions
 c - 3 potions of might
 f - a potion of lignification
 h - a potion of degeneration {unknown}
 j - a potion of haste {unknown}
 l - a potion of attraction {unknown}


   Skills:
 + Level 1.1 Fighting
 + Level 0.2 Short Blades
 + Level 2.0 Dodging
 + Level 2.1 Stealth
 + Level 2.6 Spellcasting
 + Level 1.4 Conjurations
 + Level 3.2 Air Magic


You had 4 spell levels left.
You knew the following spells:

 Your Spells              Type           Power      Damage    Failure   Level
a - Shock                 Conj/Air       60%        1d6       2%          1
b - Static Discharge      Conj/Air       15%        N/A       4%          2

Your spell library contained the following spells:

 Spells                   Type           Power      Damage    Failure   Level
 Swiftness                Air            13%        N/A       6%          3
 Airstrike                Air            6%         N/A       19%         4
 Lightning Bolt           Conj/Air       7%         1d20      58%         5


Dungeon Overview and Level Annotations

Branches:
Dungeon (3/15)

Altars:


Innate Abilities, Weirdness & Mutations

You sometimes gain a little power by taking damage.


Message History

You feel sick. The adder bites you.
You are more poisoned.
The adder poisons you!
Casting: Shock (safe; 2% risk of failure)
Confirm with . or Enter, or press ? or * to list all spells.
Aiming: Shock (safe; 2% risk of failure)
Press: ? - help, Shift-Dir - straight line, f/p - adder
Aim: an adder (moderately wounded, 53% to hit)
You feel a surge of power!
The zap hits the adder.
The adder is severely wounded.
You feel sick. The adder bites you. The adder bites you but does no damage.
Unknown command.
Unknown command.
You feel sick.
You feel sick.
You feel sick. The adder barely misses you.
You feel sick.
Casting: Shock (safe; 2% risk of failure)
Confirm with . or Enter, or press ? or * to list all spells.
Aiming: Shock (safe; 2% risk of failure)
Press: ? - help, Shift-Dir - straight line, f/p - adder
Aim: an adder (severely wounded, 53% to hit)
You feel a surge of power!
The zap hits the adder.
The adder is almost dead.
You feel sick.
You are no longer poisoned.
The adder closely misses you.
Unknown command.
Unknown command.
You barely miss the adder.
The adder is almost dead.
The adder bites you.
* * * LOW HITPOINT WARNING * * *
You are lethally poisoned!
The adder poisons you! The adder barely misses you.
It was a potion of might.
You feel very mighty all of a sudden.
* * * LOW HITPOINT WARNING * * *
You feel sick. The adder bites you.
You die...

.#... #.......#
..#....###.....#.# .
..#.........)..#.# ..
...............#.## ...
#.........#####..###...
#........####........#
#..........#........#
##.........#........#
##.@......#........#
##..S...####........#
##....#### #.........
##.....# #.........
#......# #.........
#.........# ####.........
#.........# #...........#
#.........####...........#
#.....)...#.......#####..#


You could see an adder.

Vanquished Creatures
  Terence (D:3)
  A worm (D:2)
  2 ball pythons
  2 endoplasms (D:1)
  A giant cockroach (D:1)
  5 goblins
  4 hobgoblins
  2 kobolds
  4 quokkas (D:1)
  A bat (D:1)
  A frilled lizard (D:3)
  5 rats (D:1)
29 creatures vanquished.

Notes
Turn   | Place    | Note
-------+----------+-------------------------------------------
     0 | D:1      | Morbidden the Demonspawn Air Elementalist began the quest
                  | for the Orb.
     0 | D:1      | Reached XP level 1. HP: 13/13 MP: 3/3
   429 | D:1      | Reached skill level 3 in Air Magic
   429 | D:1      | Gained mutation: You sometimes gain a little power by
                  | taking damage. [demonic ancestry]
   429 | D:1      | Reached XP level 2. HP: 19/19 MP: 0/5
   507 | D:1      | You fall into a shaft and drop 1 floor!
  1449 | D:1      | Learned a level 2 spell: Static Discharge
  2020 | D:2      | Reached XP level 3. HP: 11/25 MP: 3/6
  2384 | D:3      | Noticed Terence
  2428 | D:3      | Killed Terence
  2429 | D:3      | Reached skill level 1 in Fighting
  2912 | D:3      | Slain by an adder

Illustrated notes

Levels and vault maps discovered:
D:1:      minmay_arrival_glassed_features, layout_basic, minmay_tromino_v7
D:2:      layout_loops_cross, serial_glass, glass_columns_a, glass_columns_c
D:3:      layout_basic, nemelex_diamond_rough_becter, minmay_ogre_servants,
          uniq_terence

Skill      XL: |  1  2  3 |
---------------+----------+-----
Air Magic      | 3 |  3.2
Fighting       | 1 |  1.1
Dodging        | 2 |  2.0
Stealth        | 2 |  2.1
Short Blades   | |  0.2
Spellcasting   | |  2.6
Conjurations   | |  1.4

Action                   || total
-------------------------++-------
Melee: Short sword       ||    43
       Unarmed           ||     3
       Staff             ||     9
 Cast: Shock             ||    49
       Static Discharge  ||     4
  Use: Potion            ||     2
       Scroll            ||     1
 Stab: Sleeping          ||     3
Armor: Robe              ||    10
       Skin              ||     8
Dodge: Dodged            ||    43

Table legend: (Time is in decaauts)
 A = Elapsed time spent in this place.
 B = Non-inter-level travel time spent in this place.
 C = Inter-level travel time spent in this place.
 D = Time resting spent in this place.
 E = Time spent auto-exploring this place.
 F = Levels seen in this place.
 G = Mean time per level.
                   A        B        C        D        E       F      G
               +--------+--------+--------+--------+--------+-----+--------+
         Total |   2914 |   2883 |     31 |    369 |   2211 |   3 |  971.3 |
       Dungeon |   2914 |   2883 |     31 |    369 |   2211 |   3 |  971.3 |
               +--------+--------+--------+--------+--------+-----+--------+

Top non-repeatable levels by time:
     D:1: 1503 daAuts
     D:2: 843 daAuts
     D:3: 567 daAuts
